 Dungeon Crawl Stone Soup version 0.31-a0-986-g5e6e4ef867 (webtiles) character file.

Game seed: 1284625729681238300

242 Persephone the Chopper (level 6, -2/37 HPs)
             Began as a Gargoyle Fighter on Nov 9, 2023.
             Slain by an ogre
             ... wielding a +0 giant club
              (27 damage)
             ... on level 4 of the Dungeon.
             The game lasted 00:02:47 (2532 turns).

Persephone the Chopper (Gargoyle Fighter)           Turns: 2532, Time: 00:02:47

Health: -2/37      AC: 12    Str: 21    XL:     6   Next: 9%
Magic:  6/6        EV:  9    Int:  9    God:
Gold:   181        SH:  4    Dex:  9    Spells: 5/5 levels left

rFire   . . .        a - +0 war axe
rCold   . . .        c - +0 buckler
rNeg    + . .        b - +0 scale mail
rPois   ∞            (no helmet)
rElec   +            (no cloak)
rCorr   .            m - +0 pair of gloves
SInv    +            (no boots)
Will    .....        (no amulet) Stlth
                     p - ring of see invisible
HPRegen 0.26/turn    (no ring)
MPRegen 0.10/turn

%: no passive effects
@: no status effects
A: sickness immunity, AC +4, negative energy resistance 1, electricity
resistance, torment resistance 1, petrification resistance
a: no special abilities


You were on level 4 of the Dungeon.
You visited 1 branch of the dungeon, and saw 4 of its levels.

You collected 181 gold pieces.

Inventory:

Hand Weapons
 a - a +0 war axe (weapon)
Missiles
 s - a boomerang
Armour
 b - a +0 scale mail (worn)
 c - a +0 buckler (worn)
 m - a +0 pair of gloves (worn)
Jewellery
 g - a +6 ring of intelligence
 p - a ring of see invisible (left hand)
 t - a ring of willpower
Wands
 x - a wand of polymorph (11)
Scrolls
 e - 6 scrolls of identify {unknown}
 j - a scroll of enchant armour {unknown}
 l - 2 scrolls of amnesia {unknown}
 o - 2 scrolls of poison {unknown}
 q - 2 scrolls of revelation {unknown}
 r - a scroll of fog {unknown}
 w - a scroll of vulnerability {unknown}
Potions
 d - a potion of might
 f - 2 potions of mutation {unknown}
 h - 3 potions of attraction {unknown}
 i - 2 potions of cancellation {unknown}
 k - 2 potions of invisibility {unknown}
 n - 4 potions of brilliance {unknown}
 u - a potion of magic {unknown}
 v - a potion of curing {unknown}
 z - a potion of degeneration {unknown}


   Skills:
 - Level 3.2 Fighting
 + Level 5.6 Axes
 - Level 3.2 Armour
 - Level 3.2 Shields


You had 5 spell levels left.
You didn't know any spells.
Your spell library was empty.

Dungeon Overview and Level Annotations

Branches:
Dungeon (4/15)
 Temple: D:4-7

Altars:
Fedhas

Shops:
D:1 :   D:2 :


Innate Abilities, Weirdness & Mutations

You are immune to sickness and miasma.
Your stone body is resilient. (AC +4)
You are immune to poison.
You resist negative energy. (rN+)
You are resistant to electric shocks. (rElec)
You are resistant to unholy torment.
You are immune to petrification.


Message History

The sleepcap releases spores at you.
You hit the sleepcap but do no damage.
The sleepcap is lightly damaged.
The sleepcap releases spores at you but does no damage.
You hit the sleepcap but do no damage.
The sleepcap is lightly damaged.
The sleepcap releases spores at you but does no damage.
You slash the sleepcap!
The sleepcap is heavily damaged.
The sleepcap releases spores at you but does no damage.
The sleepcap completely misses you.
You hit the sleepcap.
The sleepcap is severely damaged.
The sleepcap releases spores at you.
You hit the sleepcap.
The sleepcap is severely damaged.
The sleepcap releases spores at you but does no damage.
You slash the sleepcap!
You destroy the sleepcap!
You have reached level 6!
w - a scroll labelled AZO YFEACATS You open the door.
There is an open door here.
You open the door.
There is an open door here.
x - a wand of polymorph (11)
z - a blue potion An ogre comes into view.
It is wielding a +0 giant club.
The ogre moves out of view.
You barely miss the ogre. The ogre hits you with a +0 giant club!
Lua - Auto Kill stopped.
Not in fighting shape.
You hit the ogre.
The ogre is lightly wounded.
You block the ogre's attack.
You barely miss the ogre.
The ogre is lightly wounded.
The ogre hits you with a +0 giant club!!
Ouch! That really hurt!
You die...

#.... #.....# #....
#.....# #....
#.....########....
#.....+...........
#.....#...........
#.....#...........
######.O...#...........
#.....@....#...........
#.....#+####.....##....
#.....#...######'##....
#.....#...##...†.##....
#.....#................
#.....#................
#.....#................
#.....'...##.....##....
#.....#...##.....##....


You could see an ogre.

Vanquished Creatures
  A scorpion (D:3)
  A jelly (D:4)
  A sleepcap (D:4)
  3 gnolls (D:3)
  3 adders
  A worm (D:2)
  3 dart slugs
  4 orcs (D:3)
  A bat (D:3)
  6 endoplasms
  A giant cockroach (D:2)
  7 goblins
  4 hobgoblins
  8 quokkas
  3 ball pythons
  2 frilled lizards
  6 kobolds
  3 rats
58 creatures vanquished.

Notes
Turn   | Place    | Note
-------+----------+-------------------------------------------
     0 | D:1      | Persephone the Gargoyle Fighter began the quest for the
                  | Orb.
     0 | D:1      | Reached XP level 1. HP: 14/14 MP: 1/1
   114 | D:1      | Reached skill level 2 in Axes
   128 | D:1      | Found Masaykople's Book Boutique.
   243 | D:1      | Reached XP level 2. HP: 13/19 MP: 2/2
   739 | D:1      | Found a faded altar of an unknown god.
   784 | D:1      | Reached skill level 3 in Axes
   918 | D:2      | Reached XP level 3. HP: 21/23 MP: 3/3
   996 | D:2      | Found Dum Afayro's Book Shop.
  1409 | D:3      | Reached XP level 4. HP: 24/28 MP: 4/4
  1629 | D:3      | Noticed a scorpion
  1643 | D:3      | Killed a scorpion
  1644 | D:3      | Reached skill level 4 in Axes
  1644 | D:3      | Reached XP level 5. HP: 31/32 MP: 5/5
  1882 | D:3      | Found a blossoming altar of Fedhas.
  2081 | D:3      | Reached skill level 5 in Axes
  2472 | D:4      | Reached XP level 6. HP: 32/37 MP: 6/6
  2532 | D:4      | Slain by an ogre

Illustrated notes

Levels and vault maps discovered:
D:1:      psy_arrival_terrarium, layout_basic, serial_shops, shop,
          shapermc_ecumenical_altar_mp_ritualfount, st_stairs_13
D:2:      layout_rooms, serial_shops, shop
D:3:      layout_loops_corners, fedhas_altar_4
D:4:      layout_gridville, nicolae_elevator_lobby_asterisk

Skill      XL: |  1  2  3  4  5 |
---------------+----------------+-----
Axes           | 2 3 4 5 |  5.6
Fighting       | |  3.2
Armour         | |  3.2
Shields        | |  3.2

Action                     |  1- 3 |  4- 6 || total
---------------------------+-------+-------++-------
  Melee: War axe           |   103 |    89 ||   192
 Armour: Scale mail        |    56 |    65 ||   121
  Dodge: Dodged            |    49 |    36 ||    85
  Block: Buckler           |    18 |    20 ||    38

Table legend: (Time is in decaauts)
 A = Elapsed time spent in this place.
 B = Non-inter-level travel time spent in this place.
 C = Inter-level travel time spent in this place.
 D = Time resting spent in this place.
 E = Time spent auto-exploring this place.
 F = Levels seen in this place.
 G = Mean time per level.
                   A        B        C        D        E       F      G
               +--------+--------+--------+--------+--------+-----+--------+
         Total |   2596 |   2464 |    132 |      0 |   1998 |   4 |  649.0 |
       Dungeon |   2596 |   2464 |    132 |      0 |   1998 |   4 |  649.0 |
               +--------+--------+--------+--------+--------+-----+--------+

Top non-repeatable levels by time:
     D:3: 1068 daAuts
     D:1: 897 daAuts
     D:2: 404 daAuts
     D:4: 226 daAuts
